 Dungeon Crawl Stone Soup version 0.29-a0-887-gcbe080d7e0 (webtiles) character file.

Game seed: 8545514456248424772

96 zeratav the Stinger (level 4, -1/27 HPs)
             Began as an Octopode Venom Mage on July 21, 2022.
             Killed from afar by a white imp (9 damage)
             ... with a puff of frost
             ... summoned by Natasha
             ... on level 2 of the Dungeon.
             The game lasted 00:01:49 (1514 turns).

zeratav the Stinger (Octopode Venom Mage)           Turns: 1514, Time: 00:01:49

Health: -1/27      AC:  1    Str:  7    XL:     4   Next: 67%
Magic:  1/7        EV: 13    Int: 19    God:
Gold:   102        SH:  0    Dex: 12    Spells: 4/7 levels left

rFire   . . .      SeeInvis .   h - +0 dagger {short}
rCold   . . .      Faith    .   (no shield)
rNeg    . . .      Spirit   .   (helmet restricted)
rPois   .          Reflect  .   (no amulet)
rElec   .          Harm     .   (no ring)
rCorr   .          Rampage  .   (no ring)
Will    .....                   (no ring)
Stlth   ++++......              (no ring)
HPRegen 0.09/turn               (no ring)
MPRegen 0.10/turn               (no ring)
                                (no ring)
                                (no ring)

@: no status effects
A: almost no armour, amphibious, 8 rings, camouflage 1, gelatinous body 1,
(nimble swimmer 1), tentacles
a: no special abilities


You were on level 2 of the Dungeon.
You visited 1 branch of the dungeon, and saw 2 of its levels.

You collected 102 gold pieces.


Innate Abilities, Weirdness & Mutations

You cannot wear most types of armour.
You are amphibious.
You can wear up to eight rings at the same time.
Your skin changes colour to match your surroundings (Stealth+).
Your rubbery body absorbs attacks. (AC +1, EV +1)
((You are camouflaged when in or above water. (Stealth+)))
You have tentacles for arms and can constrict up to eight enemies at once.


   Skills:
 - Level 2.0 Dodging
 - Level 5.0 Stealth
 - Level 2.0 Spellcasting
 - Level 1.0 Transmutations
 + Level 5.3 Poison Magic


You had 4 spell levels left.
You knew the following spells:

 Your Spells              Type           Power      Damage    Failure   Level
a - Sting                 Tmut/Pois      52%        1d5       4%          1
b - Poisonous Vapours     Pois/Air       22%        N/A       9%          2

Your spell library contained the following spells:

 Spells                   Type           Power      Damage    Failure   Level
 Olgreb's Toxic Radiance  Pois           22%        N/A       19%         4
 Mephitic Cloud           Conj/Pois/Air  8%         N/A       24%         3

Inventory:

Hand Weapons
 h - a +0 dagger (weapon) {short}
   (You took it off a goblin on level 1 of the Dungeon)
Scrolls
 e - a scroll of poison {unknown}
 f - 3 scrolls of teleportation {unknown}
 g - a scroll of identify {unknown}
 i - a scroll of torment {unknown}
 j - a scroll of fog {unknown}
Potions
 a - a potion of magic
 b - 2 potions of might {unknown}
 c - a potion of berserk rage {unknown}
 d - a potion of invisibility {unknown}
 k - a potion of lignification {unknown}

Dungeon Overview and Level Annotations

Branches:
Dungeon (2/15) Zot: 10484

Altars:

Annotations:
D:2 Natasha

###########.###
#.....>†......#
#.#####.###...#
##########.# #.# .
....##.....# #.#
.......##### #.#
##.###.# ###@###
##.###.# #.....#
.#..##.#######h...†#
...............[.....
)#.###..######.5....##
##.# #..##...........
##.###..##.###########
...).......#
.#.###..####


You could see Natasha (very poisoned) and a white imp (summoned).


Message History

Natasha casts a spell.
The iron imp misses you.
You closely miss the iron imp. You grab the iron imp. You squeeze the iron imp!
You constrict the iron imp, but do no damage.
You hit the iron imp but do no damage.
You constrict the iron imp, but do no damage.
The iron imp closely misses you.
You hit the iron imp but do no damage. You squeeze the iron imp!
You constrict the iron imp.
You kill Natasha!
Moaning pathetically, Natasha's spirit plunges into the ground.
You lose your grip on the iron imp.
The iron imp disappears in a puff of smoke!
The white imp disappears in a puff of smoke!
The crimson imp disappears in a puff of smoke!
You have reached level 4!
HP[+6] MP[+1]
You now have 27 max hp (+6).
Your hp is fully restored (27).
You hit the ball python. You grab the ball python.
You constrict the ball python. The ball python closely misses you.
The ball python misses you. The ball python closely misses you.
The ball python misses you.
You hit the ball python.
You kill the ball python!
The rat bites you.
There is a stone staircase leading down here.
You see here a ball python corpse.
HP[-1]
You take 1 damage, and now have 26/27 hp.
You hit the rat but do no damage. You grab the rat. You squeeze the rat.
You kill the rat!
You see here a rat corpse.
You start resting.
An orc comes into view. It is wielding a +0 whip.
HP[+1] MP[+1]
Your hp is fully restored (27).
Natasha, Servant of Life and Death comes into view.
You hit Natasha. Your grab misses Natasha.
Natasha growls.
Natasha closely misses you.
You hit Natasha. Your grab misses Natasha. Natasha misses you.
You hit Natasha. You grab Natasha.
You constrict Natasha, but do no damage.
Natasha claws you.
HP[-2] MP[+1]
You take 2 damage, and now have 25/27 hp.
You hit Natasha. You squeeze Natasha. You constrict Natasha.
Natasha stares at you and mumbles some strange words.
The magic dart hits you!
HP[-7]
You take 7 damage, and now have 18/27 hp.
MASSIVE DAMAGE!! (PAUSE)
You hit Natasha but do no damage.
You constrict Natasha, but do no damage.
Natasha stares at you and mumbles some strange words.
The magic dart hits you!
* * * LOW HITPOINT WARNING * * *
HP[-9]
You take 9 damage, and now have 9/27 hp.
MASSIVE DAMAGE!! (PAUSE)
The orc shouts!
You hit Natasha. You constrict Natasha.
You kill Natasha!
Natasha screams in pain as she dies!
Training target 5.0 for Stealth reached!
Your Stealth skill increases to level 5!
Your Poison Magic skill increases to level 5!
An orc is nearby!
You closely miss the orc. You grab the orc. You constrict the orc.
The orc hits you with a +0 whip.
* * * LOW HITPOINT WARNING * * *
HP[-3]
You take 3 damage, and now have 6/27 hp.
You hit the orc. You squeeze the orc.
You kill the orc!
You now have 102 gold pieces (gained 14).
Things that are here:
a +0 whip {mace}; 2 stones {throwing}; an orc corpse HP[+1] MP[+1]
You start resting.
Natasha, Servant of Life and Death comes into view.
HP[+1] MP[+1]
Casting: Poisonous Vapours (safe; 9% risk of failure)
Confirm with . or Enter, or press ? or * to list all spells.
Aiming: Poisonous Vapours (safe; 9% risk of failure)
Press: ? - help, Dir - move target, f - Natasha
Aim: Natasha Poisonous vapours surround Natasha!
Natasha is poisoned.
Natasha casts a spell.
MP[-2]
You lost 2 mp, and now have 3/7 mp.
Casting: Poisonous Vapours (safe; 9% risk of failure)
Confirm with . or Enter, or press ? or * to list all spells.
Aiming: Poisonous Vapours (safe; 9% risk of failure)
Press: ? - help, Dir - move target, f/p - Natasha
Aim: Natasha (poisoned) Poisonous vapours surround Natasha!
Natasha looks even sicker.
The white imp gestures at you. The puff of frost hits you!
You die...

Skill      XL: |  1  2  3  4 |
---------------+-------------+-----
Stealth        | 3 4 5 |  5.0
Poison Magic   | 4 5 |  5.3
Dodging        | |  2.0
Spellcasting   | |  2.0
Transmutations | |  1.0

Action                   |  1- 3 |  4- 6 || total
-------------------------+-------+-------++-------
Melee: Club              |     6 |       ||     6
       Constrict         |    12 |     4 ||    16
       Tentacles         |    11 |     3 ||    14
       Unarmed           |     2 |       ||     2
       Dagger            |    51 |    11 ||    62
 Cast: Sting             |    13 |       ||    13
       Poisonous Vapours |     3 |     2 ||     5
 Stab: Sleeping          |     9 |       ||     9
Armor: Skin              |     7 |       ||     7
Dodge: Dodged            |    30 |     6 ||    36

Levels and vault maps discovered:
D:1:      dpeg_arrival_pond, layout_rooms, ebering_ecumenical_altar_box,
          minmay_tromino_mix6
D:2:      minmay_chambers_of_ones, layout_loops_ring, basic_altar,
          minmay_misc_feat_enclosed, chequers_mini_garden, minivault_4,
          kennysheep_generic_room_3, uniq_robin, uniq_natasha

Notes
Turn   | Place    | Note
-------+----------+-------------------------------------------
     0 | D:1      | zeratav the Octopode Venom Mage began the quest for the
                  | Orb.
     0 | D:1      | Reached XP level 1. HP: 11/11 MP: 3/3
     0 | D:1      | magus.rc [v1.9.6]
    98 | D:1      | Reached skill level 3 in Stealth
   181 | D:1      | HP: 1/11 [goblin/+0 dagger (4)]
   185 | D:1      | Reached skill level 4 in Poison Magic
   185 | D:1      | Reached XP level 2. HP: 2/17 MP: 0/5
   695 | D:1      | Found a faded altar of an unknown god.
   942 | D:1      | Reached XP level 3. HP: 21/21 MP: 6/6
   945 | D:1      | Reached skill level 4 in Stealth
  1170 | D:2      | Learned a level 2 spell: Poisonous Vapours
  1459 | D:2      | Noticed Natasha
  1469 | D:2      | Killed Natasha
  1470 | D:2      | Reached XP level 4. HP: 27/27 MP: 1/7
  1485 | D:2      | Noticed Natasha
  1492 | D:2      | Killed Natasha
  1493 | D:2      | Reached skill level 5 in Stealth
  1493 | D:2      | Reached skill level 5 in Poison Magic
  1497 | D:2      | HP: 6/27 [orc/+0 whip (3)]
  1512 | D:2      | Noticed Natasha
  1514 | D:2      | Killed from afar by a white imp

Vanquished Creatures
  Natasha (twice) (D:2)
  A dart slug (D:1)
  5 orcs (D:2)
  4 ball pythons
  4 bats
  4 endoplasms (D:1)
  2 giant cockroaches (D:2)
  A hobgoblin (D:1)
  2 quokkas (D:1)
  A frilled lizard (D:1)
  6 goblins (D:1)
  2 kobolds
  4 rats
38 creatures vanquished.

Table legend:
 A = Non-vault XP
 B = Vault XP
 C = Vault XP percentage of total XP
 D = Non-vault monster count
 E = Vault monster count
 F = Vault count percentage of total count
                 A         B        C        D         E       F
            +---------+---------+-------+---------+---------+-------
      Total |      94 |      44 |  31.9 |      33 |       5 |  13.2
            +---------+---------+-------+---------+---------+-------
        D:1 |      33 |       9 |  21.4 |      21 |       4 |  16.0
        D:2 |      61 |      35 |  36.5 |      12 |       1 |   7.7
            +---------+---------+-------+---------+---------+-------

Illustrated notes

Table legend:
 A = Kills in this place as a percentage of kills in entire the game.
 B = Kills by you in this place as a percentage of kills by you in the entire game.
 C = Kills by friends in this place as a percentage of kills by friends in the entire game.
 D = Other kills in this place as a percentage of other kills in the entire game.
 E = Experience gained in this place as a percentage of experience gained in the entire game.
 F = Experience gained in this place divided by the number of levels of this place that you have seen.
                   A       B       C       D       E      F
               +-------+-------+-------+-------+-------+----------------------
         Total | 100.0 | 100.0 |   N/A |   N/A | 100.0 |  69.0
       Dungeon | 100.0 | 100.0 |   N/A |   N/A | 100.0 |  69.0
               +-------+-------+-------+-------+-------+----------------------

Table legend: (Time is in decaauts)
 A = Elapsed time spent in this place.
 B = Non-inter-level travel time spent in this place.
 C = Inter-level travel time spent in this place.
 D = Time resting spent in this place.
 E = Time spent auto-exploring this place.
 F = Levels seen in this place.
 G = Mean time per level.
                   A        B        C        D        E       F      G
               +--------+--------+--------+--------+--------+-----+--------+
         Total |   1514 |   1486 |     28 |     18 |   1223 |   2 |  757.0 |
       Dungeon |   1514 |   1486 |     28 |     18 |   1223 |   2 |  757.0 |
               +--------+--------+--------+--------+--------+-----+--------+

Top non-repeatable levels by time:
     D:1: 1085 daAuts
     D:2: 428 daAuts
